 Dungeon Crawl Stone Soup version 0.29.0-11-gd7f09526c8 (webtiles) character file.

Game seed: 15846327825392671079

4 xian the Sneak (level 1, -2/22 HPs)
             Began as a Troll Delver on Sept 6, 2022.
             Slain by a gnoll sergeant
             ... wielding a +0 trident
              (4 damage)
             ... on level 5 of the Dungeon.
             The game lasted 00:01:09 (59 turns).

xian the Sneak (Troll Delver)                         Turns: 59, Time: 00:01:09

Health: -2/22      AC:  4    Str: 19    XL:     1   Next: 50%
Magic:  0/0        EV:  9    Int:  6    God:
Gold:   8          SH:  0    Dex: 11    Spells: 0/0 levels left

rFire   . . .      SeeInvis .   a - +0 mace
rCold   . . .      Faith    .   (no shield)
rNeg    . . .      Spirit   .   b - +0 robe
rPois   .          Reflect  .   (helmet restricted)
rElec   .          Harm     .   (no cloak)
rCorr   .          Rampage  .   (gloves unavailable)
Will    .....                   (boots unavailable)
Stlth   ++........              (no amulet)
HPRegen 0.87/turn               (no ring)
MPRegen 0.07/turn               (no ring)

@: hasted, very quick
A: large, unfitting armour, claws 3, regeneration 1, shaggy fur 1, tough skin 1
a: no special abilities


You were on level 5 of the Dungeon.
You visited 1 branch of the dungeon, and saw 1 of its levels.

You collected 8 gold pieces.

Inventory:

Hand Weapons
 a - a +0 mace (weapon)
Armour
 b - a +0 robe (worn)
Wands
 g - a wand of digging (3)


   Skills:
 + Level 2.6 Fighting
 - Level 1.7 Maces & Flails
 + Level 1.6 Dodging
 - Level 2.7 Stealth


You couldn't memorise any spells.
You didn't know any spells.
Your spell library was empty.

Dungeon Overview and Level Annotations

Branches:
Dungeon (5/15)
 Temple: D:4-7

Altars:


Innate Abilities, Weirdness & Mutations

You are too large for most types of armour.
You have claws for hands.
Your natural rate of healing is unusually fast.
You are covered in fur. (AC +1)
You have tough skin. (AC +1)


Message History

The orc wizard looks frightened!
The orc looks frightened!
You feel sick.
The gnoll starts to cry.
The orc wizard mumbles some strange words.
The orc wizard flickers and vanishes!
Deactivating autopickup; reactivate with Ctrl-A.
You feel sick.
You feel sick.
You feel sick.
Found a potion of haste.
You feel sick.
You feel sick.
You feel sick.
You feel sick.
You are no longer poisoned.
You hit the orc.
The orc is lightly wounded.
The orc hits you with a +0 flail.
You hit the orc.
The orc is heavily wounded.
The orc closely misses you.
Cornered, the gnoll sergeant turns to fight!
The orc hits you with a +0 flail.
* * * LOW HITPOINT WARNING * * *
You hit the orc.
You kill the orc!
You hear the slow rusting of a drain nearby.
Things that are here:
a +0 flail; an orc corpse The gnoll seems to regain its courage.
Found a chain mail.
The gnoll sergeant hits you but does no damage.
The gnoll seems to regain its courage.
Okay, then.
You feel yourself speed up.
The gnoll sergeant hits you from afar with a +0 trident!
Ouch! That really hurt!
* * * LOW HITPOINT WARNING * * *
As you read the scroll of fog, it crumbles to dust.
The scroll dissolves into smoke.
The gnoll sergeant hits you from afar with a +0 trident.
You die...

###
##.#...............,,,,,,,*
###......)..##...,,,,**,,*
##........##...,,,,,,,**
#..........!..[,,,,****
##............#*,,,*,,,
#.^.g##.#$...#*,,,,,,,
##.§gg#.#...##**,,,,,,
##§§§#.#*###**,,,,,,,
##§@#.#*,***,,,,,,,,
**#§§§§#,,,*,,,,,,,,,
*.§.§#§...,,,,,,,,,**
#.......#...,,,,,,***
#.......#*#.,,,,,**
*#...#####*,,,,*,,,***
*....,* ***,***,,,,,
#....,* *** ****** **,*,**
*


You could see a gnoll sergeant and a gnoll.

Vanquished Creatures
  2 orcs (D:5)
2 creatures vanquished.

Notes
Turn   | Place    | Note
-------+----------+-------------------------------------------
     0 | D:5      | xian the Troll Delver began the quest for the Orb.
     0 | D:5      | Reached XP level 1. HP: 22/22 MP: 0/0
    23 | D:5      | Noticed a gnoll sergeant
    30 | D:5      | Noticed an orc wizard
    58 | D:5      | HP: 1/22 [gnoll sergeant/+0 trident (12)]
    59 | D:5      | Slain by a gnoll sergeant

Illustrated notes

Levels and vault maps discovered:
D:5:      layout_cave_pools, portal_sewer_entry_f, uniq_blork_the_orc,
          uniq_edmund, uniq_ijyb

Action                   || total
-------------------------++-------
Melee: Mace              ||     4
  Use: Scroll            ||     3
       Potion            ||     1
Armor: Robe              ||     2
Dodge: Dodged            ||     2
